 Dungeon Crawl Stone Soup version 0.29.1-12-g30fa7ad0bf (webtiles) character file.

Game seed: 8757326627064221152

46 Gabide the Trooper (level 3, -7/30 HPs)
             Began as a Formicid Berserker on Dec 17, 2022.
             Was a Follower of Trog.
             Mangled by a gnoll
             ... wielding a +0 flail
              (10 damage)
             ... on level 2 of the Dungeon.
             The game lasted 00:02:36 (1725 turns).

Gabide the Trooper (Formicid Berserker)             Turns: 1725, Time: 00:02:37

Health: -7/30      AC:  3    Str: 23    XL:     3   Next: 95%
Magic:  3/3        EV: 12    Int:  6    God:    Trog [*.....]
Gold:   112        SH:  0    Dex: 13    Spells: 2/2 levels left

rFire   . . .      SeeInvis +   a - +0 mace
rCold   . . .      Faith    .   (no shield)
rNeg    . . .      Spirit   .   b - +0 animal skin
rPois   .          Reflect  .   (helmet unavailable)
rElec   .          Harm     .   (no cloak)
rCorr   +          Rampage  .   (no gloves)
Will    .....                   g - +0 pair of boots
Stlth   +.........              (no amulet)
HPRegen 0.10/turn               c - ring of resist corrosion
MPRegen 0.08/turn               (no ring)

@: no status effects
A: permanent stasis, dig shafts and tunnels, antennae 3, four strong arms
a: Dig, Shaft Self, Renounce Religion


You were on level 2 of the Dungeon.
You worshipped Trog.
Trog was aware of your devotion.
You visited 1 branch of the dungeon, and saw 3 of its levels.

You collected 112 gold pieces.

Inventory:

Hand Weapons
 a - a +0 mace (weapon)
Armour
 b - a +0 animal skin (worn)
 g - a +0 pair of boots (worn)
Jewellery
 c - a ring of resist corrosion (left hand)
Wands
 q - a wand of iceblast (10)
Scrolls
 d - a scroll of identify
 e - a scroll of teleportation {unknown}
 f - a scroll of noise {unknown}
 h - a scroll of blinking {unknown}
 j - a scroll of enchant armour {unknown}
 n - a scroll of enchant weapon {unknown}
 p - a scroll of vulnerability {unknown}
 r - a scroll of magic mapping {unknown}
 s - a scroll of immolation {unknown}
Potions
 i - 2 potions of curing
 k - a potion of haste {unknown}
 l - a potion of attraction {unknown}
 m - a potion of cancellation {unknown}
 o - a potion of resistance {unknown}


   Skills:
 * Level 4.0 Fighting
 * Level 3.6 Maces & Flails
 - Level 2.1 Armour
 + Level 2.2 Dodging


You had 2 spell levels left.
You didn't know any spells.
Your spell library was empty.

Dungeon Overview and Level Annotations

Branches:
Dungeon (3/15)

Altars:


Innate Abilities, Weirdness & Mutations

You cannot be hasted, slowed, berserked, paralysed or teleported.
You can dig through walls and to a lower floor.
You have a pair of large antennae on your head. (SInv)
Your four strong arms can wield two-handed weapons with a shield.


Message History

The gnoll is lightly wounded.
The gnoll closely misses you. The gnoll hits you with a +0 flail!
You hit the gnoll but do no damage.
The gnoll is lightly wounded.
The gnoll hits you with a +0 flail. The gnoll hits you with a +0 whip.
You barely miss the gnoll.
The gnoll is lightly wounded.
The gnoll hits you with a +0 whip. The gnoll hits you with a +0 flail.
* * * LOW HITPOINT WARNING * * *
You are too injured to fight recklessly!
You are too injured to fight recklessly!
You are too injured to fight recklessly!
You are too injured to fight recklessly!
You are too injured to fight recklessly!
You are too injured to fight recklessly!
You are too injured to fight recklessly!
You are too injured to fight recklessly!
You are too injured to fight recklessly!
You are too injured to fight recklessly!
You are too injured to fight recklessly!
You are too injured to fight recklessly!
You are too injured to fight recklessly!
You are too injured to fight recklessly!
The gnoll hits you with a +0 flail.
* * * LOW HITPOINT WARNING * * *
The gnoll closely misses you.
You climb upwards.
There is a stone staircase leading down here.
The gnoll attacks as you move away! The gnoll closely misses you.
You see here a +0 dagger.
Okay, then.
Okay, then.
Unknown command.
As you read the scroll labelled ZUSUOSHRA WOYGRAI, it crumbles to dust.
It is a scroll of identify.
i - 3 potions of curing You feel better.
The gnoll hits you with a +0 whip!
* * * LOW HITPOINT WARNING * * *
The gnoll hits you with a +0 flail!
You die...

# ####..### #.##.# ## #..##
#.##.# .#### #...## #.##.#
....### #.#..# ##.##.#
###...###.##.####..##.#
#####...............#.#
................)...#.#
#######........##g#...#
#..........@g#.### #
#...........##.#
######..:.......###.#
.................##.#
.................##.#
...............#.##.#
......|..........##.##########
......)..........##.##...#...##
.................##.#.........##


You could see 2 gnolls.

Vanquished Creatures
  A gnoll (D:2)
  2 adders (D:2)
  3 endoplasms
  A giant cockroach (D:1)
  2 goblins
  A hobgoblin (D:1)
  A kobold (D:1)
  A quokka (D:2)
  3 ball pythons
  2 bats (D:1)
  A rat (D:1)
18 creatures vanquished.

Notes
Turn   | Place    | Note
-------+----------+-------------------------------------------
     0 | D:1      | Gabide the Formicid Berserker began the quest for the Orb.
     0 | D:1      | Reached XP level 1. HP: 18/18 MP: 1/1
   666 | D:1      | Reached XP level 2. HP: 24/24 MP: 2/2
  1072 | D:2      | Reached XP level 3. HP: 15/30 MP: 3/3
  1510 | D:2      | Found a faded altar of an unknown god.
  1595 | D:2      | Reached skill level 4 in Fighting
  1725 | D:2      | Mangled by a gnoll

Illustrated notes

Levels and vault maps discovered:
D:1:      onia_arrival_mini_maze_b, layout_basic, minmay_misc_feat_x
D:2:      layout_rooms, shapermc_ecumenical_altar_pompeii
D:3:      layout_basic, slow_altar_2, lemuel_coloured_pillars_altar,
          serial_forest, infiniplex_forest_diagonal, infiniplex_forest_lined_3,
          infiniplex_forest_clump_small, infiniplex_forest_straight_3,
          infiniplex_forest_clump_medium, infiniplex_forest_zigzag_1,
          infiniplex_forest_zigzag_1, infiniplex_forest_end_3, serial_shops,
          nicolae_shop_waterfront, uniq_terence, uniq_sigmund, uniq_robin

Skill      XL: |  1  2  3 |
---------------+----------+-----
Dodging        | 2 |  2.2
Fighting       | 4 |  4.0
Maces & Flails | |  3.6
Armour         | |  2.1

Action                   || total
-------------------------++-------
Melee: Mace              ||    61
  Use: Scroll            ||     1
       Potion            ||     1
Armor: Animal skin       ||    19
Dodge: Dodged            ||    40
